 Dungeon Crawl Stone Soup version 0.28-a0-631-g0446da8ef9 (webtiles) character file.

Game seed: 11464604876997980036

115 nlnlnn the Vexing (level 4, 0/21 HPs)
             Began as a Spriggan Enchanter on Oct 10, 2021.
             Slain by a black bear (7 damage)
             ... on level 4 of the Dungeon.
             The game lasted 00:05:14 (3968 turns).

nlnlnn the Vexing (Spriggan Enchanter)              Turns: 3968, Time: 00:05:15

Health: 0/21       AC:  2    Str:  5    XL:     4   Next: 68%
Magic:  1/11       EV: 17    Int: 16    God:
Gold:   138        SH:  0    Dex: 15    Spells: 4/12 levels left

rFire   . . .      SeeInvis +   a - +1 dagger
rCold   . . .      Faith    .   (shield restricted)
rNeg    . . .      Spirit   .   b - +0 robe
rPois   .          Reflect  .   (helmet restricted)
rElec   .          Harm     .   (no cloak)
rCorr   .          Rampage  .   (gloves unavailable)
Will    .....                   (boots unavailable)
Stlth   +++.......              (no amulet)
HPRegen 0.07/turn               (no ring)
MPRegen 0.12/turn               (no ring)

@: very quick
A: very small, no large weapons, unfitting armour, see invisible, speed 3
a: no special abilities


You were on level 4 of the Dungeon.
You visited 1 branch of the dungeon, and saw 4 of its levels.

You collected 138 gold pieces.

Inventory:

Hand Weapons
 a - a +1 dagger (weapon)
Armour
 b - a +0 robe (worn)
Scrolls
 g - a scroll of identify
Potions
 c - a potion of invisibility
 d - a potion of flight
 e - a potion of heal wounds {unknown}
 f - a potion of haste {unknown}


   Skills:
 - Level 1.1 Short Blades
 - Level 2.6 Dodging
 - Level 4.4 Stealth
 + Level 4.7 Spellcasting
 + Level 5.3 Hexes


You had 4 spell levels left.
You knew the following spells:

 Your Spells              Type           Power      Damage    Failure   Level
a - Ensorcelled Hibernat  Hex/Ice        24%        N/A       8%          2
b - Tukima's Dance        Hex            20%        N/A       5%          3
c - Dazzling Flash        Conj/Hex       24%        N/A       16%         3

Your spell library contained the following spells:

 Spells                   Type           Power      Damage    Failure   Level
 Confusing Touch          Hex            20%        N/A       5%          3
 Dispersal                Tloc           1%         N/A       100%        6
 Disjunction              Tloc           1%         N/A       100%        8


Dungeon Overview and Level Annotations

Branches:
Dungeon (4/15)
 Temple: D:4-7

Altars:

Annotations:
D:3 Ijyb


Innate Abilities, Weirdness & Mutations

You are very small and have problems with some larger weapons.
You are too small for most types of armour.
You have supernaturally acute eyesight. (SInv)
You cover ground extremely quickly. (Speed+++)


Message History

* * * LOW HITPOINT WARNING * * *
The black bear closely misses you.
The black bear goes berserk!
The black bear rages.
Casting: Dazzling Flash (extremely dangerous; 16% risk of failure)
Confirm with . or Enter, or press ? or * to list all spells.
You can't see any susceptible monsters within range! (Use Z to cast anyway.) Unknown command.
The black bear rages.
You hear an angry growl.
The black bear rages.
You hear an angry growl.
You hear an angry growl.
The black bear rages.
There is an open door here.
The black bear is no longer berserk.
Casting: Dazzling Flash (extremely dangerous; 16% risk of failure)
Confirm with . or Enter, or press ? or * to list all spells.
Aiming: Ensorcelled Hibernation (safe; 8% risk of failure)
Press: ? - help, Shift-Dir - straight line, f - black bear
Aim: a black bear (almost dead, slow, chance to affect: 43%)
The black bear resists with some effort.
Casting: Ensorcelled Hibernation (safe; 8% risk of failure)
Confirm with . or Enter, or press ? or * to list all spells.
Aiming: Ensorcelled Hibernation (safe; 8% risk of failure)
Press: ? - help, Shift-Dir - straight line, f/p - black bear
Aim: a black bear (almost dead, slow, chance to affect: 43%)
The black bear resists with some effort.
Casting: Ensorcelled Hibernation (safe; 8% risk of failure)
Confirm with . or Enter, or press ? or * to list all spells.
Aiming: Ensorcelled Hibernation (safe; 8% risk of failure)
Press: ? - help, Shift-Dir - straight line, f/p - black bear
Aim: a black bear (almost dead, slow, chance to affect: 43%)
The black bear resists with some effort.
You barely miss the black bear.
The black bear is almost dead.
You hit the black bear.
The black bear is almost dead.
The black bear bites you!
You die...

........# #.# *#.#,** ###.#####
#.# *#.#* #.......# ##'## *.#
#.#.###.# ##...## *,# #.#.###.#
##.....## ****,* #.#.....#
##.......## **,**,*
#.###...####.........#***,,,*,***
#.........[+..).h....+,,,,,,,,,,,
#.......#.##....@.<..#***,,,*,***
##.....##.###.......## **,*,,,*
#....###.# ##.....## ***,*,*
#....###.# ##...## *,,,*
#........# ##+## **,** ###.######
*,* *,* #.# ********,*********
*,* #.# *,,,,,,,,*,,,,,,,* *,*
#.# *,*****,,,,*****,* *,*


You could see a black bear (slow).

Vanquished Creatures
  A hound (D:2)
  5 adders (D:2)
  2 worms (D:2)
  2 orcs (D:3)
  5 ball pythons
  A giant cockroach (D:2)
  6 goblins
  4 hobgoblins
  A quokka (D:1)
  A bat (D:1)
  6 frilled lizards
  2 kobolds
  3 rats
39 creatures vanquished.

Notes
Turn   | Place    | Note
-------+----------+-------------------------------------------
     0 | D:1      | nlnlnn the Spriggan Enchanter began the quest for the Orb.
     0 | D:1      | Reached XP level 1. HP: 9/9 MP: 5/5
   364 | D:1      | Reached skill level 4 in Hexes
   377 | D:1      | Reached XP level 2. HP: 13/13 MP: 7/7
   380 | D:1      | Learned a level 2 spell: Ensorcelled Hibernation
   935 | D:1      | Found a faded altar of an unknown god.
  1541 | D:2      | Reached XP level 3. HP: 5/16 MP: 2/9
  1545 | D:2      | Learned a level 3 spell: Tukima's Dance
  1549 | D:2      | Learned a level 3 spell: Dazzling Flash
  2241 | D:2      | Reached skill level 5 in Hexes
  2241 | D:2      | Reached XP level 4. HP: 21/21 MP: 11/11
  3681 | D:3      | Noticed Ijyb
  3893 | D:4      | Noticed a black bear
  3968 | D:4      | Slain by a black bear

Illustrated notes

Levels and vault maps discovered:
D:1:      dpeg_arrival_rhombi, layout_basic,
          shapermc_ecumenical_altar_notcrosses
D:2:      layout_loops_corners
D:3:      layout_loops_ring, uniq_ijyb, uniq_natasha
D:4:      layout_loops_corners, grunt_temple_overflow_open, feat_on_display,
          uniq_pikel

Skill      XL: |  1  2  3 |
---------------+----------+-----
Spellcasting   | 3 4 |  4.7
Hexes          | 4 5 |  5.3
Short Blades   | |  1.1
Dodging        | |  2.6
Stealth        | |  4.4

Action                   |  1- 3 |  4- 6 || total
-------------------------+-------+-------++-------
Melee: Dagger            |    75 |    43 ||   118
 Cast: Ensorcelled Hiber |    12 |    12 ||    24
       Dazzling Flash    |       |     1 ||     1
  Use: Scroll            |     4 |     2 ||     6
       Potion            |     1 |       ||     1
 Stab: Sleeping          |    15 |     7 ||    22
       Invisible         |       |     1 ||     1
Armor: Robe              |     5 |     1 ||     6
Dodge: Dodged            |    43 |    36 ||    79

Table legend: (Time is in decaauts)
 A = Elapsed time spent in this place.
 B = Non-inter-level travel time spent in this place.
 C = Inter-level travel time spent in this place.
 D = Time resting spent in this place.
 E = Time spent auto-exploring this place.
 F = Levels seen in this place.
 G = Mean time per level.
                   A        B        C        D        E       F      G
               +--------+--------+--------+--------+--------+-----+--------+
         Total |   3091 |   3063 |     28 |    682 |   1924 |   4 |  772.8 |
       Dungeon |   3091 |   3063 |     28 |    682 |   1924 |   4 |  772.8 |
               +--------+--------+--------+--------+--------+-----+--------+

Top non-repeatable levels by time:
     D:2: 1283 daAuts
     D:1: 1040 daAuts
     D:3: 561 daAuts
     D:4: 205 daAuts
